 Dungeon Crawl Stone Soup version 0.19-a0-1899-g2d93087 (webtiles) character file.

6293 MrRokkomies the Carver (level 11, -3/93 HPs)
             Began as a Human Fighter on Oct 20, 2016.
             Was a Priest of Makhleb.
             Slain by a sky beast (illusionary) (5 damage)
             ... on level 10 of the Dungeon.
             The game lasted 00:24:24 (10532 turns).

MrRokkomies the Carver (Human Fighter)             Turns: 10532, Time: 00:24:26

Health: -3/93      AC: 10    Str: 16    XL:     11   Next: 16%
Magic:  20/20      EV:  4    Int: 13    God:    Makhleb [***...]
Gold:   368        SH:  9    Dex: 14    Spells: 0 memorised, 10 levels left

rFire  + . .     SeeInvis .     b - +1 dagger (venom)
rCold  . . .     Gourm    .     M - +0 plate armour
rNeg   . . .     Faith    +     c - +0 shield
rPois  .         Spirit   .     (helmet restricted)
rElec  .         Reflect  .     K - +2 cloak
rCorr  .         Harm     .     (no gloves)
MR     .....                    (no boots)
Stlth  ..........               U - amulet of faith
                                S - +2 ring of evasion
                                F - ring of magical power

@: about to teleport
A: horns 1, clever 1, deformed body, fire resistance 1
a: Minor Destruction, Lesser Servant of Makhleb, Renounce Religion


You were on level 10 of the Dungeon.
You worshipped Makhleb.
Makhleb was most pleased with you.
You were hungry.

You visited 2 branches of the dungeon, and saw 11 of its levels.

You collected 530 gold pieces.
You spent 162 gold pieces at shops.

Inventory:

Hand Weapons
 a - a +3 falchion
 b - a +1 dagger of venom (weapon)
 y - a +0 shortbow
Missiles
 A - 98 arrows
Armour
 c - a +0 shield (worn)
 m - a +1 helmet
 s - a +0 chain mail
 K - a +2 cloak (worn)
 M - a +0 plate armour (worn)
Jewellery
 F - a ring of magical power (left hand)
 Q - the amulet of the Air {Inacc +Fly rElec EV+5 RMsl}
   (You found it on level 9 of the Dungeon)

   [amulet of inaccuracy]

   It reduces the accuracy of all your attacks.
   It affects your evasion (+5).
   It insulates you from electricity.
   It lets you fly.
   It protects you from missiles.
 S - a +2 ring of evasion (right hand)
 U - an amulet of faith (around neck)
Wands
 h - a wand of acid (6/15)
 p - a wand of slowing (28/48)
 u - a wand of lightning (13/15)
 C - a wand of acid (10/15)
 H - a wand of random effects (22/48)
 L - a wand of lightning (1/15)
 P - a wand of flame (19/48)
Scrolls
 l - 2 scrolls of remove curse
 w - a scroll of magic mapping
 z - 3 scrolls of blinking
 D - 2 scrolls of enchant armour
 G - a scroll of enchant weapon
 N - 5 scrolls of identify
 O - 2 scrolls of fog {unknown}
Potions
 d - 3 potions of might
 e - 2 potions of cancellation
 g - 2 potions of brilliance
 j - 3 potions of mutation
 o - a potion of haste
 q - a potion of agility {unknown}
 r - a potion of degeneration {unknown}
 t - a potion of resistance {unknown}
 v - a potion of flight
 x - 3 potions of lignification
Books
 n - a book of Cantrips

   Spells                             Type                      Level
   a - Confusing Touch                Hexes                        1
   b - Animate Skeleton               Necromancy                   1
   c - Summon Small Mammal            Summoning                    1
   d - Apportation                    Translocation                1
 B - a book of Maledictions

   Spells                             Type                      Level
   a - Corona                         Hexes                        1
   b - Ensorcelled Hibernation        Hexes/Ice                    2
   c - Confuse                        Hexes                        3
   d - Tukima's Dance                 Hexes                        3
   e - Dazzling Spray                 Conjuration/Hexes            3
Comestibles
 f - 5 bread rations
 i - 5 meat rations
 E - 26 fruits
 I - a slice of pizza
 T - 5 chunks of flesh


   Skills:
 - Level 11.0 Fighting
 * Level 11.6 Long Blades
 * Level 4.7 Armour
 - Level 3.0 Shields


You had 10 spell levels left.
You didn't know any spells.

Dungeon Overview and Level Annotations

Branches:
Dungeon (10/15)            Temple (1/1) D:6            Lair (0/6) D:8
    Orc: D:9-12

Altars:
Ashenzari
Cheibriados
Dithmenos
Elyvilon
Fedhas
Gozag
Hepliaklqana
Kikubaaqudgha
Makhleb
Nemelex Xobeh
Okawaru
Qazlal
Ru
Sif Muna
Trog
Uskayaw
Vehumet
Xom
Yredelemnul
Zin
The Shining One

Shops:
D:5 ?


Innate Abilities, Weirdness & Mutations

You have a pair of small horns on your head.
Your mind is acute. (Int +2)
Armour fits poorly on your strangely shaped body.
Your flesh is heat resistant. (rF+)


Message History

You block something's attack.
The sky beast hits you but does no damage.
The rakshasa hits you but does no damage.
You block something's attack.
Your shield and plate armour prevent you from hitting the rakshasa.
Your headbutt misses the rakshasa.
The rakshasa is almost dead.
The sky beast flickers out of sight!
The rakshasa blinks!
Something hits you but does no damage. The sky beast hits you.
* * * LOW HITPOINT WARNING * * *
The sky beast shocks you.
* * * LOW HITPOINT WARNING * * *
You hit the rakshasa but do no damage.
The rakshasa is almost dead.
The rakshasa hits you with a whip.
* * * LOW HITPOINT WARNING * * *
Something hits you but does no damage. Something hits you.
* * * LOW HITPOINT WARNING * * *
Something shocks you.
You die...

##.....##...##.....
#.......#...#......
#..)....'...'.)....
#.......#...#......
##.....##...##.....
##...###...###...#
##### #...# #####
##{≈.###...#
##@{...##...#
#RY{...R#...#
#......†'...+
#...§...#...#
##.....##R..##
##..R##.R...##
...#####{......#
......≈.R.........
.......R..........


You could see 3 rakshasas and a sky beast.

Vanquished Creatures
  A troll (D:9)
  2 two-headed ogres (D:9)
  A hornet (D:9)
  A hippogriff (D:9)
  9 yaks
  A black bear (D:9)
  3 orc warriors
  2 sky beasts
  An ice beast (D:7)
  An ogre (D:9)
  A phantom (D:9)
  3 centaurs
  A crocodile (D:8)
  A big kobold (D:9)
  5 bullfrogs
  7 scorpions
  4 wights (D:9)
  2 howler monkeys
  3 crimson imps
  A centaur zombie (D:6)
  A quasit (D:9)
  6 hounds
  6 jellies
  17 orc wizards
  11 orc priests
  6 worker ants
  2 iguanas
  A hound skeleton (D:7)
  A howler monkey zombie (D:7)
  11 adders
  9 river rats (D:8)
  An ooze (D:3)
  2 adder zombies
  An adder skeleton (D:9)
  A worm (D:2)
  4 dart slugs
  2 leopard geckos
  55 orcs
  3 ball pythons
  7 giant cockroaches
  7 goblins
  7 hobgoblins
  2 jackals
  14 kobolds
  2 quokkas
  18 bats
  5 frilled lizards
  A jackal skeleton (D:4)
  A jackal zombie (D:8)
  A quokka skeleton (D:8)
  2 quokka zombies
  11 rats
268 creatures vanquished.

Vanquished Creatures (others)
  6 fungi (D:8)
6 creatures vanquished.

Grand Total: 274 creatures vanquished

Notes
Turn   | Place    | Note
-------+----------+-------------------------------------------
     0 | D:1      | MrRokkomies the Human Fighter began the quest for the Orb.
     0 | D:1      | Reached XP level 1. HP: 18/18 MP: 1/1
    86 | D:1      | Reached XP level 2. HP: 22/24 MP: 2/2
   587 | D:1      | Reached XP level 3. HP: 21/29 MP: 3/3
   838 | D:2      | Reached XP level 4. HP: 24/37 MP: 4/4
  1393 | D:2      | Reached XP level 5. HP: 40/42 MP: 5/5
  1487 | D:2      | You fall through a shaft for 2 floors!
  2021 | D:3      | Reached XP level 6. HP: 50/50 MP: 6/6
  2182 | D:3      | Reached skill level 5 in Fighting
  2354 | D:4      | Reached skill level 5 in Long Blades
  2597 | D:4      | Reached XP level 7. HP: 52/56 MP: 7/7
  3659 | D:4      | Reached XP level 8. HP: 65/65 MP: 8/8
  3963 | D:5      | Entered Level 5 of the Dungeon
  3999 | D:5      | Found Edghomis's Magic Scroll Shop.
  4002 | D:5      | Bought a scroll of identify for 24 gold pieces
  4002 | D:5      | Bought a scroll of identify for 24 gold pieces
  4002 | D:5      | Bought a scroll of identify for 24 gold pieces
  4002 | D:5      | Bought a scroll of blinking for 90 gold pieces
  4005 | D:5      | Gained mutation: Your flesh is heat resistant. (rF+) [potion of beneficial mutation]
  4663 | D:5      | Found a sacrificial altar of Ru.
  4848 | D:6      | Found a staircase to the Ecumenical Temple.
  4879 | Temple   | Entered the Ecumenical Temple
  4961 | Temple   | Became a worshipper of Makhleb the Destroyer
  5368 | D:6      | Found a shattered altar of Ashenzari.
  5785 | D:7      | Reached XP level 9. HP: 74/74 MP: 9/9
  6279 | D:7      | Got a brightly glowing plate armour
  6290 | D:7      | Identified the cursed +0 plate armour of Yckit {rC+ rN+ Slay-6} (You found it on level 7 of the Dungeon)
  6845 | D:8      | Reached * piety under Makhleb
  7430 | D:8      | Found a staircase to the Lair.
  7754 | D:8      | Reached ** piety under Makhleb
  7905 | D:8      | Reached XP level 10. HP: 79/83 MP: 10/10
  8060 | D:9      | Reached skill level 10 in Long Blades
  8273 | D:9      | Reached skill level 10 in Fighting
  9579 | D:9      | Reached XP level 11. HP: 69/93 MP: 11/11
  9952 | D:9      | Reached *** piety under Makhleb
 10337 | D:10     | Entered Level 10 of the Dungeon
 10466 | D:10     | Noticed a rakshasa
 10508 | D:10     | Gained mutation: Your mind is acute. (Int +2) [potion of mutation]
 10508 | D:10     | Gained mutation: Armour fits poorly on your strangely shaped body. [potion of mutation]
 10508 | D:10     | Gained mutation: You have a pair of small horns on your head. [potion of mutation]
 10527 | D:10     | HP: 4/93 [rakshasa (illusionary)/whip (12)]
 10532 | D:10     | HP: 2/93 [something (3)]
 10532 | D:10     | Slain by a sky beast (illusionary)

Vault maps used:
D:1:      erik_arrival_triangle_small
D:3:      corexii_shack_village
D:4:      first_bread, minivault_11
D:5:      serial_shops, nicolae_shop_behind_doors, nicolae_ru_path_of_blood
D:6:      cheibrodos_ashenzari_chains
D:8:      grunt_lair_entry_orc_guard_hut
D:9:      blue_anna_alchemist
D:10:     kennysheep_six_static_rooms, nooodl_orcs_dogs
Temple:   dpeg_three_leaves_temple

Skill      XL: |  1  2  3  4  5  6  7  8  9 10 11 |
---------------+----------------------------------+-----
Long Blades    | 3 4 5 6 7 9 11 | 11.6
Fighting       | 4 5 6 8 9 11 | 11.0
Armour         | 4 |  4.7
Shields        | |  3.0

Action                   |  1- 3 |  4- 6 |  7- 9 | 10-12 || total
-------------------------+-------+-------+-------+-------++-------
Melee: Long sword        |    37 |       |    60 |    30 ||   127
       Dagger            |    68 |   211 |   690 |   393 ||  1362
       Falchion          |       |       |       |    66 ||    66
       Headbutt          |       |       |       |     2 ||     2
Evoke: Wand              |       |       |       |     2 ||     2
  Use: Scroll            |       |     3 |    10 |     1 ||    14
       Potion            |       |       |     4 |     5 ||     9
  Eat: Chunk             |       |     6 |    17 |     8 ||    31
       Beef jerky        |       |       |       |     1 ||     1
Armor: Scale mail        |    53 |    54 |       |       ||   107
       Chain mail        |       |    58 |   206 |       ||   264
       Plate armour      |       |       |   182 |   245 ||   427
       Skin              |       |       |       |    11 ||    11
Dodge: Dodged            |    27 |    37 |    71 |    53 ||   188
Block: Shield            |    49 |    97 |   276 |   137 ||   559
       Rpst.: Long sword |     3 |       |       |     1 ||     4
       Falchion          |       |       |       |     5 ||     5
